 Dungeon Crawl Stone Soup version 0.24-a0-422-g9eff3895ba (webtiles) character file.

250 Nordon the Chopper (level 6, 37/37 HPs)
             Began as a Gargoyle Fighter on Mar 20, 2014.
             Quit the game on level 4 of the Dungeon on June 12, 2019.
             The game lasted 00:07:34 (2448 turns).

Nordon the Chopper (Gargoyle Fighter)               Turns: 2448, Time: 00:07:35

Health: 37/37      AC: 14    Str: 20    XL:     6   Next: 13%
Magic:  6/6        EV:  8    Int:  8    God:
Gold:   51         SH:  9    Dex: 11    Spells: 5/5 levels left

rFire    . . .     SeeInvis +   a - +1 war axe
rCold    . . .     Gourm    .   c - +0 shield
rNeg     + . .     Faith    .   b - +0 scale mail
rPois    ∞         Spirit   .   C - +0 helmet {SInv}
rElec    +         Reflect  .   w - +1 cloak
rCorr    .         Harm     .   (no gloves)
MR       .....                  (no boots)
Stlth    ..........             (no amulet)
HPRegen  0.12/turn              (no ring)
MPRegen  0.10/turn              (no ring)

@: no status effects
A: negative energy resistance 1, electricity resistance, unbreathing,
petrification resistance, rot immunity, AC +4
a: no special abilities


You were on level 4 of the Dungeon.
You were not hungry.

You visited 1 branch of the dungeon, and saw 4 of its levels.

You collected 159 gold pieces.
You spent 108 gold pieces at shops.


Innate Abilities, Weirdness & Mutations

You are resistant to torment.
Your stone body is resilient. (AC +4)
You are immune to poison.
You resist negative energy. (rN+)
You are resistant to electric shocks. (rElec)
You can survive without breathing.
You are immune to petrification.
You are immune to rotting.


   Skills:
 - Level 3.2 Fighting
 + Level 4.0(4.2) Axes
 + Level 1.5(3.2) Maces & Flails
 - Level 3.2 Armour
 + Level 3.1 Dodging
 - Level 3.2 Shields


You had 5 spell levels left.
You didn't know any spells.
Your spell library contained the following spells:

 Spells                   Type           Power        Failure   Level  Hunger
 Infusion                 Chrm           #...         99%         1    ##.....
 Shroud of Golubria       Chrm/Tloc      #.....       100%        2    ###....
 Song of Slaying          Chrm           #.......     100%        2    ###....
 Regeneration             Chrm/Necr      #.........   100%        3    ####...
 Spectral Weapon          Hex/Chrm       #.......     100%        3    ####...


Dungeon Overview and Level Annotations

Branches:
Dungeon (4/15)
 Temple: D:4-7

Altars:
Elyvilon
Xom

Shops:
D:4 [%

Inventory:

Hand Weapons
 a - a +1 war axe (weapon)
 u - a +2 whip of venom
   (You found it on level 2 of the Dungeon)
Armour
 b - a +0 scale mail (worn)
 c - a +0 shield (worn)
 w - a +1 cloak (worn)
 y - a +2 leather armour of magic resistance
   (You found it on level 2 of the Dungeon)
 C - a +0 helmet of see invisible (worn)
   (You bought it in a shop on level 4 of the Dungeon)
Jewellery
 l - an uncursed ring of poison resistance
 p - a cursed ring of attention
Scrolls
 f - 2 scrolls of blinking
 g - a scroll of fog {unknown}
 i - 3 scrolls of identify
 r - a scroll of fear {unknown}
 x - 4 scrolls of remove curse
Potions
 e - a potion of might
 j - 2 potions of heal wounds
 k - a potion of degeneration {unknown}
 m - a potion of ambrosia {unknown}
 s - a potion of curing
 z - a potion of degeneration {unknown}
 A - a potion of lignification {unknown}
Comestibles
 d - 5 rations
 h - a ration
 n - a ration
 o - a ration
 t - 3 rations
 v - a ration

###......# #.### ######.#
##.## . ### #.# ##...##
.. .!# #.###.###.# .. #.#
#.##.## ##. .. #.# #)#.##
## ## #.##.## #...# #
...##.#...## #...## ##
*........@..####..#.##
##.
#####...............###.#
#?.....####..###....#
#.#...## #..# ####.#
#.##.## #..######.# #
#(..## #.........#
#..###.####.#########
#.... #......# #.#.
#.######


There were no monsters in sight!


Message History

You closely miss the orc. The orc hits you with a war axe.
You hit the orc.
The orc is moderately wounded.
The orc hits you but does no damage.
You hit the orc.
You kill the orc!
No target in view!
No target in view!
No target in view!
Things that are here:
a war axe; a scale mail; a glowing falchion; a scale mail You see here a falchion.
Found a glowing pink potion.
j - 2 potions of heal wounds (gained 1)
A - a glowing pink potion
Found a stone staircase leading down.
Found Hytowona's Food Emporium.
B - a book of War Chants
There is an entrance to Hytowona's Food Emporium here.
There is an entrance to Hytowona's Food Emporium here.
HP restored.
A bat comes into view.
A bat is nearby!
A bat is nearby!
A bat is nearby!
You hit the bat.
You kill the bat!
No target in view!
No target in view!
No target in view!
No target in view!
Found a battleaxe.
You see here a battleaxe.
A kobold comes into view. It is wielding a whip.
Found Fifis' Antique Armour Shop.
A kobold is nearby!
A kobold is nearby!
You block the kobold's attack.
You slash the kobold!
You kill the kobold!
No target in view!
No target in view!
No target in view!
No target in view!
No target in view!
Found a potion of restore abilities.
Found 16 gold pieces.
There is an entrance to Fifis' Antique Armour Shop here.
C - a glowing helmet Thank you for shopping at Fifis' Antique Armour Shop!
Wear which item? (? for menu, Esc to quit)
You start removing your armour.
You continue taking off your +0 helmet.
You finish taking off your +0 helmet.
You start putting on your armour.
You continue putting on your glowing helmet.
You finish putting on your +0 helmet of see invisible.
You feel perceptive.
Drop what? (_ for help) (? for menu, Esc to quit)
You drop a +0 helmet.
Read which item? (? for menu, Esc to quit)
Okay, then.
Welcome back, Nordon the Gargoyle Fighter.
Are you sure you want to abandon this character and quit the game? (Confirm with "yes".)

Action                   |  1- 3 |  4- 6 || total
-------------------------+-------+-------++-------
Melee: War axe           |   108 |    89 ||   197
       Whip              |     5 |    53 ||    58
  Use: Scroll            |       |     8 ||     8
       Potion            |       |     3 ||     3

Levels and vault maps discovered:
D:1:      ncdulo_wetmaze
D:2:      elyvilon_altar_2, uniq_crazy_yiuf_cottage
D:3:      first_bread, xom_redecorated, uniq_sigmund
D:4:      minmay_temple_entry_large_hall, serial_shops, shop, shop_statue,
          shop_statue, shop

Notes
Turn   | Place    | Note
-------+----------+-------------------------------------------
     0 | D:1      | Nordon, the Gargoyle Fighter, began the quest for the Orb.
     0 | D:1      | Reached XP level 1. HP: 14/14 MP: 1/1
    75 | D:1      | Reached XP level 2. HP: 19/19 MP: 2/2
    84 | D:1      | Reached skill level 1 in Dodging
   251 | D:1      | Reached XP level 3. HP: 18/23 MP: 3/3
   977 | D:2      | Found a white marble altar of Elyvilon.
   988 | D:2      | Reached XP level 4. HP: 28/28 MP: 4/4
  1505 | D:2      | Noticed Crazy Yiuf
  1515 | D:2      | Killed Crazy Yiuf
  1712 | D:3      | Reached XP level 5. HP: 32/32 MP: 5/5
  1978 | D:3      | Found a shimmering altar of Xom.
  1981 | D:3      | Found a shimmering altar of Xom.
  2009 | D:3      | Noticed Sigmund
  2010 | D:3      | Found a shimmering altar of Xom.
  2011 | D:3      | Found a shimmering altar of Xom.
  2011 | D:3      | Found a shimmering altar of Xom.
  2022 | D:3      | Killed Sigmund
  2022 | D:3      | Reached skill level 1 in Maces & Flails
  2103 | D:3      | Reached skill level 4 in Axes
  2103 | D:3      | Reached XP level 6. HP: 30/37 MP: 6/6
  2260 | D:3      | Found a shimmering altar of Xom.
  2367 | D:4      | Found Hytowona's Food Emporium.
  2435 | D:4      | Found Fifis' Antique Armour Shop.
  2443 | D:4      | Bought a glowing helmet for 108 gold pieces
  2448 | D:4      | Quit the game

Vanquished Creatures
  Sigmund (D:3)
  Crazy Yiuf (D:2)
  A hound (D:3)
  4 adders
  An iguana zombie (D:3)
  2 leopard geckos (D:1)
  2 oozes (D:2)
  4 orcs
  4 giant cockroaches
  8 goblins
  5 hobgoblins
  10 jackals
  2 ball pythons (D:1)
  9 bats
  8 frilled lizards
  13 kobolds
  8 rats
83 creatures vanquished.

Vanquished Creatures (others)
  A ball python (D:3)
1 creature vanquished.

Grand Total: 84 creatures vanquished
